 Dungeon Crawl Stone Soup version 0.31-a0-145-g046c7d2549 (webtiles) character file.

Game seed: 17780837160657871656

784 Manisian the Covert (level 7, -3/31 (33) HPs)
             Began as a Spriggan Enchanter on June 6, 2023.
             Was a Follower of Dithmenos.
             Slain by an orc warrior
             ... wielding a +0 trident
              (14 damage)
             ... on level 5 of the Dungeon.
             The game lasted 00:10:02 (3863 turns).

Manisian the Covert (Spriggan Enchanter)            Turns: 3863, Time: 00:10:03

HP:   -3/31 (33)    AC:  4    Str:  4    XL:     7   Next: 55%
MP:   0/14          EV: 23    Int: 19    God:    Dithmenos [*.....]
Gold: 101           SH:  0    Dex: 15    Spells: 7/15 levels left

rFire   . . .        k - +1 short sword (drain)
rCold   . . .        (no shield)
rNeg    . . .        b - +1 robe
rPois   .            h - +1 hat
rElec   .            (no cloak)
rCorr   .            (gloves unavailable)
SInv    +            (boots unavailable)
Will    +....        (no amulet)
Stlth   +++++        e - +5 ring of evasion
HPRegen 0.25/turn    (no ring)
MPRegen 0.14/turn

%: no passive effects
@: confusing by touch, wreathed by umbra, drained, very quick
A: very small, no large weapons, unfitting armour, see invisible, speed 3
a: Renounce Religion


You were on level 5 of the Dungeon.
You worshipped Dithmenos.
Dithmenos was aware of your devotion.
You visited 2 branches of the dungeon, and saw 6 of its levels.
You also visited: Ossuary.

You collected 101 gold pieces.

Inventory:

Hand Weapons
 a - a +1 dagger
 k - a +1 short sword of draining (weapon)
Missiles
 d - 49 stones (quivered)
 m - 11 poisoned darts
Armour
 b - a +1 robe (worn)
 h - a +1 hat (worn)
 i - an orb of guile
Jewellery
 e - a +5 ring of evasion (left hand)
Wands
 o - a wand of flame (5)
 t - a wand of charming (9)
Scrolls
 l - a scroll of poison
 r - 2 scrolls of fear
Potions
 c - 5 potions of invisibility
 f - 6 potions of curing {unknown}
 g - 5 potions of enlightenment
 j - 4 potions of heal wounds {unknown}
 n - a potion of ambrosia {unknown}
 p - a potion of brilliance {unknown}
 q - a potion of berserk rage {unknown}
 s - 3 potions of haste {unknown}
 u - a potion of attraction {unknown}


   Skills:
 + Level 1.1 Fighting
 + Level 3.7 Short Blades
 + Level 4.2 Dodging
 + Level 9.0 Stealth
 + Level 4.5 Spellcasting
 - Level 5.0 Hexes
 + Level 1.9 Ice Magic


You had 7 spell levels left.
You knew the following spells:

 Your Spells              Type           Power      Damage    Failure   Level
a - Ensorcelled Hibernat  Hex/Ice        34%        N/A       4%          2
b - Confusing Touch       Hex            23%        N/A       4%          3
c - Dazzling Flash        Conj/Hex       26%        N/A       14%         3

Your spell library contained the following spells:

 Spells                   Type           Power      Damage    Failure   Level
 Tukima's Dance           Hex            23%        N/A       4%          3
 Beastly Appendage        Tmut           8%         N/A       13%         1
 Kiss of Death            Conj/Necr      16%        2d6       13%         1
 Magic Dart               Conj           16%        1d3       13%         1
 Searing Ray              Conj           8%         2d4       21%         2
 Wereblood                Tmut           4%         N/A       21%         2
 Spider Form              Tmut/Pois      4%         N/A       36%         3
 Fulminant Prism          Conj/Hex       6%         3d7       43%         4
 Dispel Undead            Necr           4%         3d7       78%         4


Dungeon Overview and Level Annotations

Branches:
Dungeon (5/15)             Temple (1/1) D:4         Ossuary (visited)

Altars:
Cheibriados
Dithmenos
Elyvilon
Fedhas
Gozag
Hepliaklqana
Kikubaaqudgha
Makhleb
Nemelex Xobeh
Okawaru
Qazlal
Ru
Trog
Uskayaw
Vehumet
Xom
Yredelemnul
Zin

Portals:
Abyss: D:3

Annotations:
D:3 2 transporters, pigah's ghost, amateur OpWn
Temple 2 transporters


Innate Abilities, Weirdness & Mutations

You are very small and have problems with some larger weapons.
You are too small for most types of armour.
You have supernaturally acute eyesight. (SInv)
You cover ground extremely quickly. (Speed+++)


Message History

Aiming: Ensorcelled Hibernation (safe; 4% risk of failure)
Press: ? - help, Shift-Dir - straight line, f - orc
Aim: an orc, wielding a +0 mace (chance to affect: 67%)
The orc looks drowsy...
The helpless orc fails to defend itself.
You impale the orc!!
You kill the orc!
Dithmenos accepts your kill.
Casting: Ensorcelled Hibernation (safe; 4% risk of failure)
Confirm with . or Enter, or press ? or * to list all spells.
Aiming: Ensorcelled Hibernation (safe; 4% risk of failure)
Press: ? - help, Shift-Dir - straight line, f - orc
Aim: an orc, wielding a +0 flail (chance to affect: 67%)
The orc looks drowsy...
The helpless orc fails to defend itself.
You impale the orc!!
You kill the orc!
Dithmenos accepts your kill.
You are shrouded in an aura of darkness!
The orc warrior shoots an arrow.
The arrow completely misses you.
Casting: Ensorcelled Hibernation (safe; 4% risk of failure)
Confirm with . or Enter, or press ? or * to list all spells.
Aiming: Ensorcelled Hibernation (safe; 4% risk of failure)
Press: ? - help, Shift-Dir - straight line, f - orc warrior
Aim: an orc warrior, wielding a +2 orcbow of draining and wearing a +0 chain mail (chance to affect: 50%)
The orc warrior resists with some effort.
The orc warrior shoots an arrow.
The arrow hits you!
You feel drained.
The orc warrior unwields a +2 orcbow of draining.
The orc warrior wields a +0 trident.
The orc warrior hits you with a +0 trident!
Items here: ))) [ ††.
Casting: Ensorcelled Hibernation (safe; 4% risk of failure)
Confirm with . or Enter, or press ? or * to list all spells.
Your hands begin to glow red.
The orc warrior barely misses you.
You hit the orc warrior but do no damage.
You hit the orc warrior but do no damage.
The orc warrior hits you with a +0 trident.
You barely miss the orc warrior.
The orc warrior hits you with a +0 trident!
You die...

**,*...................# #(#~,,,*
**,**##..#..........##.# #.#~,,,*
,*,*~~##.#..##......######.#~,,,*
,,**~*#....................##***+
~~~~~*##.#..##..##########..#,,,,
~~~~** #.#..##..# #..#,**, ,,***
#.#..##..# ##.#,**, *,,*
#<#....?.###########.#,**, **,*
###..#..o@...........#,**,
**,******#..#.#.#############,**,
**,,,,,,,..##,#.* *,**,
*********##**,#.* *,**,
,,,,****** *,..* *,,,, ,,,,,,,,,*
**##* *,**, ***,****,* *,**,
*,,,,,,* *,,,, *****,,* *,**,


You could see an orc warrior.

Vanquished Creatures
  Sigmund (D:2)
  2 ogres
  2 human zombies (Ossuary)
  A hound (D:4)
  2 centaur zombies (Ossuary)
  Ijyb (D:3)
  A sleepcap (D:3)
  An orc wizard (D:5)
  Terence (D:3)
  3 mummies (Ossuary)
  Robin (D:3)
  6 adders
  A white imp (D:3)
  A worm zombie (D:5)
  A worm (D:2)
  4 dart slugs
  5 orcs
  3 endoplasms
  A giant cockroach (D:1)
  8 goblins
  7 hobgoblins
  12 jackals
  4 kobolds
  3 quokkas
  6 ball pythons
  2 bats (D:2)
  4 frilled lizards
  A gnoll zombie (Ossuary)
  A hobgoblin zombie (D:5)
  A kobold zombie (Ossuary)
  2 orc zombies (Ossuary)
  6 rats
95 creatures vanquished.

Notes
Turn   | Place    | Note
-------+----------+-------------------------------------------
     0 | D:1      | Manisian the Spriggan Enchanter began the quest for the
                  | Orb.
     0 | D:1      | Reached XP level 1. HP: 9/9 MP: 5/5
   104 | D:1      | Reached XP level 2. HP: 6/13 MP: 6/6
   135 | D:1      | Learned a level 2 spell: Ensorcelled Hibernation
   265 | D:1      | Reached skill level 5 in Stealth
   466 | D:1      | Found a faded altar of an unknown god.
   799 | D:2      | Noticed Sigmund
   806 | D:2      | Killed Sigmund
   807 | D:2      | Reached skill level 6 in Stealth
   807 | D:2      | Reached XP level 3. HP: 16/16 MP: 5/8
   807 | D:2      | Reached XP level 4. HP: 21/21 MP: 6/10
   807 | D:2      | Reached XP level 5. HP: 24/24 MP: 6/11
   811 | D:2      | Learned a level 3 spell: Confusing Touch
   815 | D:2      | Learned a level 3 spell: Dazzling Flash
  1460 | D:3      | Found a transporter.
  1490 | D:3      | Found a transporter.
  1560 | D:3      | Noticed a small abomination
  1592 | D:3      | Reached skill level 1 in Ice Magic
  1880 | D:3      | Noticed Ijyb
  1880 | D:3      | Noticed Robin
  1891 | D:3      | Reached skill level 5 in Hexes
  1908 | D:3      | Killed Ijyb
  1909 | D:3      | Reached skill level 7 in Stealth
  1909 | D:3      | Reached XP level 6. HP: 29/29 MP: 12/12
  1921 | D:3      | Killed Robin
  2395 | D:3      | Noticed Terence
  2402 | D:3      | Killed Terence
  2445 | D:3      | Found a hide-covered altar of Uskayaw.
  2445 | D:3      | Found a basalt altar of Yredelemnul.
  2452 | D:3      | Found a white marble altar of Elyvilon.
  2457 | D:3      | Found a stormy altar of Qazlal.
  2459 | D:3      | Found a radiant altar of Vehumet.
  2728 | D:3      | Found a one-way gate to the infinite horrors of the Abyss.
  2728 | D:3      | Noticed pigah's ghost (amateur OpWn)
  3105 | D:4      | Found a staircase to the Ecumenical Temple.
  3149 | Temple   | Entered the Ecumenical Temple
  3149 | Temple   | Found a transporter.
  3149 | Temple   | Found a transporter.
  3151 | Temple   | Found a transporter.
  3151 | Temple   | Found a transporter.
  3166 | Temple   | Became a worshipper of Dithmenos the Shadowed
  3317 | D:4      | Found a sacrificial altar of Ru.
  3455 | D:5      | Entered Level 5 of the Dungeon
  3479 | D:5      | Found a sand-covered staircase.
  3488 | D:5      | Reached XP level 7. HP: 32/32 MP: 14/14
  3494 | D:5      | Reached skill level 1 in Fighting
  3494 | D:5      | Reached skill level 8 in Stealth
  3498 | Ossuary  | Entered an ossuary
  3854 | D:5      | Reached skill level 9 in Stealth
  3857 | D:5      | Reached * piety under Dithmenos
  3863 | D:5      | Slain by an orc warrior

Illustrated notes

Levels and vault maps discovered:
D:1:      lemuel_arrival_cross, layout_rooms, basic_ecumenical_altar,
          chequers_serial_rivers_large_b
D:2:      layout_basic, st_stairs_1, uniq_sigmund
D:3:      layout_basic, chequers_temple_overflow_minitemple,
          gammafunk_ghost_abyssal_escape, nicolae_goblin_pals, uniq_terence
D:4:      layout_cave_pools, nicolae_ru_path_of_blood,
          minmay_temple_entry_slanted, serial_park_tiny_1
D:5:      layout_basic, serial_rivers, chequers_serial_rivers_room_a,
          chequers_serial_rivers_marsh, chequers_serial_rivers_micro_e,
          chequers_serial_rivers_small_3, chequers_serial_rivers_micro_d,
          chequers_serial_rivers_micro_a, enter_ossuary_3
Temple:   hellmonk_temple_divided_pantheon

Skill      XL: |  1  2  3  4  5  6  7 |
---------------+----------------------+-----
Hexes          | 4 5 |  5.0
Stealth        | 6 7 9 |  9.0
Spellcasting   | 3 4 |  4.5
Short Blades   | 2 3 |  3.7
Dodging        | 3 4 |  4.2
Ice Magic      | 1 |  1.9
Fighting       | 1 |  1.1

Action                     |  1- 3 |  4- 6 |  7- 9 || total
---------------------------+-------+-------+-------++-------
  Melee: Dagger            |    44 |       |       ||    44
         Short sword       |    14 |   155 |    89 ||   258
         Punch             |       |     1 |     2 ||     3
   Cast: Ensorcelled Hiber |     5 |    29 |     7 ||    41
         Confusing Touch   |       |       |     5 ||     5
    Use: Potion            |     1 |     1 |       ||     2
         Scroll            |     5 |     3 |     2 ||    10
   Stab: Sleeping          |     8 |    29 |    12 ||    49
         Invisible         |     1 |     5 |       ||     6
         Confused          |       |       |     2 ||     2
 Armour: Robe              |     2 |    10 |     2 ||    14
  Dodge: Dodged            |    35 |   129 |    48 ||   212

Table legend: (Time is in decaauts)
 A = Elapsed time spent in this place.
 B = Non-inter-level travel time spent in this place.
 C = Inter-level travel time spent in this place.
 D = Time resting spent in this place.
 E = Time spent auto-exploring this place.
 F = Levels seen in this place.
 G = Mean time per level.
                   A        B        C        D        E       F      G
               +--------+--------+--------+--------+--------+-----+--------+
         Total |   2862 |   2818 |     44 |    200 |   1907 |   7 |  408.9 |
       Dungeon |   2598 |   2558 |     40 |    200 |   1812 |   5 |  519.6 |
        Temple |     20 |     16 |      4 |      0 |      3 |   1 |   20.0 |
       Ossuary |    243 |    243 |      0 |      0 |     91 |   1 |  243.0 |
               +--------+--------+--------+--------+--------+-----+--------+

Top non-repeatable levels by time:
     D:3: 1015 daAuts
     D:1: 516 daAuts
     D:4: 500 daAuts
     D:2: 499 daAuts
 Ossuary: 243 daAuts
     D:5: 65 daAuts
  Temple: 20 daAuts
